 Dungeon Crawl Stone Soup version 0.17-a0-483-g810ce3f (webtiles) character file.

94 inmateoo the Insei (level 4, 0/26 HPs)
             Began as a Tengu Skald on Apr 8, 2015.
             Slain by a giant gecko (3 damage)
             ... on level 2 of the Dungeon.
             The game lasted 00:04:27 (3072 turns).

inmateoo the Insei (Tengu Skald)                    Turns: 3072, Time: 00:04:27

Health: 0/26       AC:  3    Str: 12    XL:     4   Next: 63%
Magic:  4/8        EV: 11    Int: 14    God:
Gold:   78         SH:  0    Dex: 13    Spells: 3 memorised, 2 levels left

rFire  . . .     SeeInvis .       - Unarmed
rCold  . . .     Clarity  .     b - +0 leather armour
rNeg   . . .     SustAb   .     (no shield)
rPois  .         Gourm    .     (helmet restricted)
rElec  .         Spirit   .     (no cloak)
rCorr  .         Warding  .     (no gloves)
rMut   .         Stasis   .     (boots unavailable)
MR     .....                    (no amulet)
Stlth  +.........               (no ring)
                                (no ring)

@: infused, singing, not resistant to hostile enchantments, very unstealthy
A: beak, talons 3
a: Stop Singing


You were on level 2 of the Dungeon.
You were not hungry.

You visited 1 branch of the dungeon, and saw 3 of its levels.

You collected 78 gold pieces.

Inventory:

Armour
 b - a +0 leather armour (worn)
Jewellery
 k - an uncursed ring of poison resistance {unknown}
 n - an uncursed ring of see invisible {unknown}
Magical devices
 m - a wand of polymorph (6)
Scrolls
 e - a scroll of enchant armour {unknown}
 h - 2 scrolls of identify {unknown}
 i - a scroll of random uselessness {unknown}
 l - a scroll of amnesia {unknown}
 o - a scroll of teleportation {unknown}
Potions
 d - a potion of agility {unknown}
 f - a potion of flight {unknown}
 g - 3 potions of brilliance {unknown}
 j - 3 potions of ambrosia {unknown}
 q - a potion of poison {unknown}
Books
 c - a book of Battle

   Spells                             Type                      Level
   a - Infusion                       Charms                       1
   b - Shroud of Golubria             Charms/Translocation         2
   c - Song of Slaying                Charms                       2
   d - Spectral Weapon                Hexes/Charms                 3
   e - Regeneration                   Charms/Necromancy            3
Comestibles
 a - a bread ration
 p - a meat ration


   Skills:
 - Level 2.0 Fighting
 - Level 1.1 Armour
 - Level 1.1 Dodging
 + Level 5.2 Unarmed Combat
 - Level 2.0 Spellcasting
 - Level 2.4 Charms


You had 2 spell levels left.
You knew the following spells:

 Your Spells              Type           Power        Failure   Level  Hunger
a - Infusion              Chrm           #.....       14%         1    ##.....
b - Song of Slaying       Chrm           #.......     21%         2    ###....
c - Shroud of Golubria    Chrm/Tloc      #.........   30%         2    ###....


Dungeon Overview and Level Annotations

Branches:
Dungeon (3/15)

Altars:

Annotations:
D:3 Robin


Innate Abilities, Weirdness & Mutations

You have a beak for a mouth.
You have claws for feet.


Message History

The giant gecko bites you.
Casting: Song of Slaying
Confirm with . or Enter, or press ? or * to list all spells.
You begin infusing your attacks with magical energy.
The goblin hits you with a club. The giant gecko misses you.
The goblin hits you but does no damage.
You hit the giant gecko.
The giant gecko is heavily wounded.
The giant gecko bites you. The goblin hits you with a club.
The goblin hits you but does no damage.
You closely miss the giant gecko. Your kick misses the giant gecko.
You peck the giant gecko.
The giant gecko is severely wounded.
The giant gecko bites you.
* * * LOW HITPOINT WARNING * * *
The goblin hits you but does no damage. The goblin hits you with a club.
* * * LOW HITPOINT WARNING * * *
The giant gecko misses you. x2
The giant gecko bites you.
You die...

##.######.###.##.# #.#
#........(..((##.# #.#
##.######.###.##.# #.# ##.#
##.## ##.#.####### #.# ##.#
##.## ##........# #.#
##.###..# #.######.# #.#
......#.## ####.# #.# #.#
...##..#.###...#######.# #.#
##.##.#.#.#....g@......####.#
##.......#....>l######......#
#####.###......g# #.######
#.###.#####....## #.#
##............## #.#
#.#.#.################.#
#.#....................#
#####.##################
#####.#


You could see a giant gecko and 2 goblins.

Vanquished Creatures
  4 adders
  A worm (D:2)
  2 giant geckos (D:2)
  7 goblins
  10 hobgoblins
  A jackal (D:2)
  3 ball pythons
  4 bats
  4 giant cockroaches
  4 giant newts
  5 kobolds
  6 rats
51 creatures vanquished.

Notes
Turn   | Place    | Note
--------------------------------------------------------------
     0 | D:1      | inmateoo, the Tengu Skald, began the quest for the Orb.
     0 | D:1      | Reached XP level 1. HP: 12/12 MP: 4/4
   294 | D:1      | Reached XP level 2. HP: 11/17 MP: 6/6
   340 | D:1      | Reached skill level 3 in Unarmed Combat
  1112 | D:2      | Reached XP level 3. HP: 19/21 MP: 3/7
  1193 | D:2      | Reached skill level 4 in Unarmed Combat
  1311 | D:2      | HP: 1/21 [worm (9)]
  2052 | D:2      | Reached XP level 4. HP: 14/26 MP: 3/8
  2581 | D:3      | Noticed Robin
  2599 | D:3      | Reached skill level 5 in Unarmed Combat
  3003 | D:2      | Learned a level 2 spell: Song of Slaying
  3006 | D:2      | Learned a level 2 spell: Shroud of Golubria
  3072 | D:2      | Slain by a giant gecko

Action                   |  1- 3 |  4- 6 || total
-------------------------+-------+-------++-------
Melee: Unarmed           |   102 |    46 ||   148
 Cast: Infusion          |     5 |     3 ||     8
       Song of Slaying   |       |     1 ||     1
  Eat: Chunk             |     2 |     5 ||     7
